 Dungeon Crawl Stone Soup version 0.30-a0-149-g7f746667c4 (webtiles) character file.

Game seed: 7216397758722096048

841 SkeletonJelly the Cleaver (level 7, -13/57 HPs)
             Began as a Minotaur Fighter on Sept 27, 2022.
             Mangled by Edmund
             ... wielding a +4 vorpal dire flail
              (15 damage)
             ... on level 4 of the Dungeon.
             The game lasted 00:05:12 (3589 turns).

SkeletonJelly the Cleaver (Minotaur Fighter)        Turns: 3589, Time: 00:05:13

Health: -13/57     AC:  8    Str: 23    XL:     7   Next: 67%
Magic:  6/6        EV:  9    Int:  5    God:
Gold:   145        SH:  4    Dex:  9    Spells: 6/6 levels left

rFire   . . .      SeeInvis .    a - +0 war axe
rCold   + . .      Faith    .    c - +0 buckler
rNeg    . . .      Spirit   .    b - +0 scale mail
rPois   .          Reflect  .    (helmet restricted)
rElec   .          Harm     .    (no cloak)
rCorr   +          Rampage  .    m - +0 pair of gloves
Will    .....                    (no boots)
Stlth   ..........               (no amulet)
HPRegen 0.19/turn                n - ring of resist corrosion
MPRegen 0.10/turn                r - ring of protection from cold

@: mighty
A: horns 2, retaliatory headbutt
a: no special abilities


You were on level 4 of the Dungeon.
You visited 1 branch of the dungeon, and saw 5 of its levels.

You collected 145 gold pieces.

Inventory:

Hand Weapons
 a - a +0 war axe (weapon)
 t - a +0 whip of electrocution
Armour
 b - a +0 scale mail (worn)
 c - a +0 buckler (worn)
 m - a +0 pair of gloves (worn)
Jewellery
 n - a ring of resist corrosion (left hand)
 r - a ring of protection from cold (right hand)
Scrolls
 g - 3 scrolls of blinking {unknown}
 h - 4 scrolls of identify {unknown}
 k - 2 scrolls of teleportation {unknown}
 l - a scroll of summoning {unknown}
 p - a scroll of vulnerability {unknown}
 q - a scroll of magic mapping {unknown}
 s - 3 scrolls of enchant weapon {unknown}
Potions
 e - 2 potions of lignification {unknown}
 f - a potion of brilliance {unknown}
 i - 2 potions of haste {unknown}
 j - a potion of curing
 o - a potion of resistance {unknown}
 u - a potion of invisibility {unknown}
 v - a potion of flight {unknown}
 w - a potion of heal wounds {unknown}


   Skills:
 - Level 3.6 Fighting
 + Level 10.7 Axes
 - Level 3.6 Armour
 - Level 3.6 Shields


You had 6 spell levels left.
You didn't know any spells.
Your spell library contained the following spells:

 Spells                   Type           Power      Damage    Failure   Level
 Apportation              Tloc           0%         N/A       86%         1
 Necrotise                Necr           0%         1d4       86%         1
 Summon Small Mammal      Summ           0%         N/A       86%         1
 Call Canine Familiar     Summ           0%         N/A       99%         3
 Portal Projectile        Hex/Tloc       0%         N/A       99%         3
 Vampiric Draining        Necr           0%         2d6       99%         3
 Leda's Liquefaction      Hex/Erth       0%         N/A       100%        4
 Agony                    Necr           0%         N/A       100%        5


Dungeon Overview and Level Annotations

Branches:
Dungeon (5/15)
 Temple: D:4-7

Altars:
Gozag
Kikubaaqudgha
Sif Muna
Vehumet

Annotations:
D:4 Edmund
D:5 Ijyb


Innate Abilities, Weirdness & Mutations

You have a pair of horns on your head.
You reflexively headbutt those who attack you in melee.


Message History

Things that are here:
a +0 club; 7 gold pieces; an orc corpse Eustachio hits you with a +2 falchion of holy wrath.
You take 3 damage, and have 52/57 hp.
You closely miss Eustachio. Eustachio hits you but does no damage.
You closely miss Eustachio.
You headbutt Eustachio, but do no damage.
Eustachio hits you with a +2 falchion of holy wrath.
You take 6 damage, and have 46/57 hp.
You barely miss Eustachio. Eustachio closely misses you.
You slash Eustachio!
Eustachio is moderately wounded.
Eustachio mumbles some strange words.
You slash Eustachio!
Eustachio is severely wounded.
Eustachio hits you with a +2 falchion of holy wrath.
You take 1 damage, and have 46/57 hp.
You hit Eustachio.
Eustachio is almost dead.
You closely miss the river rat.
Eustachio drinks a potion.
Eustachio is healed!
The river rat bites you but does no damage.
You hit Eustachio. Your headbutt misses Eustachio.
Eustachio is severely wounded.
You closely miss the river rat. Eustachio hits you but does no damage.
The river rat closely misses you. You block Eustachio's attack.
You slash Eustachio!
You kill Eustachio!
The river rat disappears in a puff of smoke!
The quokka disappears in a puff of smoke!
No target in view!
No target in view!
No target in view!
No target in view!
No target in view!
You now have 145 gold pieces (gained 7).
Things that are here:
a +0 club; an orc corpse
Things that are here:
a +2 falchion of holy wrath; a +0 leather armour; the human corpse of Eustachio Health restored: 57
v - an inky potion
Items here: )))) [[ ††.
Things that are here:
a +0 club; an orc corpse
k - 2 scrolls labelled GAGUFE PIGIY (gained 1)
There is a stone staircase leading down here.
Key pressed, stopping explore.
w - a metallic green potion A giant cockroach is nearby!
A giant cockroach is nearby!
Edmund the Younger comes into view.
He is wielding a +4 vorpal dire flail and wearing a +1 scale mail of fire resistance.
Edmund shouts!
You block the giant cockroach's attack.
You barely miss the giant cockroach.
The giant cockroach bites you but does no damage.
You barely miss the giant cockroach.
Your headbutt misses the giant cockroach.
The giant cockroach closely misses you.
You hit the giant cockroach.
The giant cockroach is heavily wounded.
The giant cockroach misses you.
The giant cockroach bites you but does no damage.
You closely miss the giant cockroach. You headbutt the giant cockroach.
You kill the giant cockroach!
You hit Edmund but do no damage.
Edmund hits you with a +4 vorpal dire flail!
You take 9 damage, and have 48/57 hp.
You hit Edmund. Your headbutt misses Edmund.
Edmund is lightly wounded.
Edmund hits you with a +4 vorpal dire flail!
You take 9 damage, and have 39/57 hp.
You barely miss Edmund. You headbutt Edmund, but do no damage.
Edmund is lightly wounded.
Edmund hits you with a +4 vorpal dire flail.
You take 6 damage, and have 33/57 hp.
You hit Edmund.
Edmund is lightly wounded.
Edmund hits you with a +4 vorpal dire flail!
* * * LOW HITPOINT WARNING * * *
x2 You take 18 damage, and have 15/57 hp.
MASSIVE DAMAGE!!
You are too injured to fight recklessly!
You are too injured to fight recklessly!
You are too injured to fight recklessly!
You are too injured to fight recklessly!
You are too injured to fight recklessly!
You are too injured to fight recklessly!
Edmund attacks as you move away!
Edmund hits you with a +4 vorpal dire flail!
* * * LOW HITPOINT WARNING * * *
x2 Edmund attacks as you move away!
Edmund barely misses you.
You take 14 damage, and have 1/57 hp.
MASSIVE DAMAGE!!
You feel very mighty all of a sudden. You block Edmund's attack.
You slash Edmund!
Edmund is moderately wounded.
You block Edmund's attack.
You barely miss Edmund. Your headbutt misses Edmund.
Edmund is moderately wounded.
Edmund hits you with a +4 vorpal dire flail!
You die...

... .##. #.# ....
#.###..# ###.##...#
#...##.#.#.# #.###
##.#........#
......#.......#
#....#..#.#
#...#@@.##.#
.....#.###.##.#
#### ..###.##.#
.###......## ..
#.##....#########.#
.. #.##.>#.........
###
#.###...####...#
$.# ##..####.# # .#
.# #. #.......#


You could see Edmund.

Vanquished Creatures
  Grinder (D:3)
  Eustachio (D:4)
  2 phantoms (D:5)
  A scorpion (D:5)
  2 orc priests
  Jessica (D:2)
  2 iguanas (D:5)
  Natasha (twice) (D:2)
  4 gnolls (D:5)
  A shadow imp (D:3)
  An ufetubus (D:4)
  2 dart slugs
  A worm (D:3)
  12 orcs
  3 ball pythons (D:1)
  2 bats
  5 endoplasms
  7 giant cockroaches
  5 goblins
  9 hobgoblins
  3 jackals (D:1)
  2 quokkas
  4 frilled lizards
  4 kobolds
  3 rats
80 creatures vanquished.

Vanquished Creatures (others)
  6 plants (D:2)
6 creatures vanquished.

Grand Total: 86 creatures vanquished

Notes
Turn   | Place    | Note
-------+----------+-------------------------------------------
     0 | D:1      | SkeletonJelly the Minotaur Fighter began the quest for the
                  | Orb.
     0 | D:1      | Reached XP level 1. HP: 19/19 MP: 0/0
    92 | D:1      | Reached skill level 3 in Axes
   391 | D:1      | Reached XP level 2. HP: 26/26 MP: 1/1
   560 | D:1      | Reached skill level 4 in Axes
   840 | D:1      | Reached XP level 3. HP: 28/31 MP: 2/2
  1010 | D:1      | Found a faded altar of an unknown god.
  1198 | D:2      | Noticed Natasha
  1210 | D:2      | Killed Natasha
  1211 | D:2      | Reached skill level 5 in Axes
  1566 | D:2      | Reached XP level 4. HP: 39/39 MP: 3/3
  1598 | D:2      | Noticed Jessica
  1608 | D:2      | Killed Jessica
  1782 | D:2      | Noticed Natasha
  1784 | D:2      | Killed Natasha
  1785 | D:2      | Reached skill level 6 in Axes
  2293 | D:3      | Found an ancient bone altar of Kikubaaqudgha.
  2294 | D:3      | Found a radiant altar of Vehumet.
  2299 | D:3      | Reached XP level 5. HP: 44/45 MP: 4/4
  2300 | D:3      | Found a shimmering blue altar of Sif Muna.
  2334 | D:3      | Found an opulent altar of Gozag.
  2398 | D:3      | Noticed Grinder
  2407 | D:3      | Paralysed by Grinder for 2 turns
  2409 | D:3      | Killed Grinder
  2410 | D:3      | Reached skill level 8 in Axes
  2410 | D:3      | Reached XP level 6. HP: 25/51 MP: 5/5
  2852 | D:4      | Noticed Eustachio
  2853 | D:4      | You fall into a shaft and drop 1 floor!
  2853 | D:5      | Entered Level 5 of the Dungeon
  3190 | D:5      | Reached skill level 9 in Axes
  3190 | D:5      | Reached XP level 7. HP: 53/57 MP: 6/6
  3351 | D:5      | Noticed Ijyb
  3398 | D:4      | Reached skill level 10 in Axes
  3489 | D:4      | Killed Eustachio
  3577 | D:4      | Noticed Edmund
  3585 | D:4      | HP: 1/57 [Edmund/+4 vorpal dire flail (3)]
  3589 | D:4      | Mangled by Edmund

Illustrated notes

Levels and vault maps discovered:
D:1:      dpeg_arrival_line_fractal, layout_loops_corners,
          hellmonk_ecumenical_altar_slurped_away
D:2:      layout_basic, serial_forest, infiniplex_forest_corner_1,
          infiniplex_forest_clump_cross, infiniplex_forest_clump_C,
          infiniplex_forest_clump_small, infiniplex_forest_side_room,
          uniq_jessica, uniq_natasha
D:3:      layout_loops_cross, grunt_temple_overflow_magic_moments,
          nicolae_gozag_seed_capital, serial_rivers,
          chequers_serial_rivers_large_b, chequers_serial_rivers_micro_b,
          chequers_serial_rivers_marsh, chequers_serial_rivers_room_b,
          uniq_grinder
D:4:      layout_rooms, biasface_ghost_orc_armoury, uniq_edmund, uniq_eustachio,
          uniq_duvessa
D:5:      layout_basic, uniq_ijyb

Skill      XL: |  1  2  3  4  5  6  7 |
---------------+----------------------+-----
Axes           | 3 4 5 6 8 9 10 | 10.7
Fighting       | |  3.6
Armour         | |  3.6
Shields        | |  3.6

Action                   |  1- 3 |  4- 6 |  7- 9 || total
-------------------------+-------+-------+-------++-------
Melee: War axe           |    70 |    67 |    65 ||   202
       Headbutt          |    11 |    13 |    11 ||    35
  Use: Potion            |       |       |     1 ||     1
Armor: Scale mail        |    33 |    24 |    15 ||    72
Dodge: Dodged            |    24 |    24 |    19 ||    67
Block: Buckler           |    19 |     7 |    14 ||    40

Table legend: (Time is in decaauts)
 A = Elapsed time spent in this place.
 B = Non-inter-level travel time spent in this place.
 C = Inter-level travel time spent in this place.
 D = Time resting spent in this place.
 E = Time spent auto-exploring this place.
 F = Levels seen in this place.
 G = Mean time per level.
                   A        B        C        D        E       F      G
               +--------+--------+--------+--------+--------+-----+--------+
         Total |   3664 |   3579 |     85 |      0 |   3073 |   5 |  732.8 |
       Dungeon |   3664 |   3579 |     85 |      0 |   3073 |   5 |  732.8 |
               +--------+--------+--------+--------+--------+-----+--------+

Top non-repeatable levels by time:
     D:1: 1159 daAuts
     D:3: 951 daAuts
     D:2: 807 daAuts
     D:5: 537 daAuts
     D:4: 208 daAuts
